 Dungeon Crawl Stone Soup version 0.24.1-5-g77f818bfca (webtiles) character file.

Game seed: 4093697322826046944, levelgen mode: deterministic

1100 oneeyed the Ruffian (level 8, 0/75 HPs)
             Began as a Troll Berserker on Apr 24, 2020.
             Was a Priest of Trog.
             Succumbed to a worker ant's poison
             ... on level 6 of the Dungeon.
             The game lasted 01:19:31 (6683 turns).

oneeyed the Ruffian (Troll Berserker)               Turns: 6683, Time: 01:19:31

Health: 0/75       AC:  6    Str: 27    XL:     8   Next: 10%
Magic:  7/7        EV: 11    Int:  3    God:    Trog [***...]
Gold:   300        SH:  0    Dex: 10    Spells: 7/7 levels left

rFire    . . .     SeeInvis .     - Unarmed
rCold    . . .     Gourm    +   (no shield)
rNeg     . . .     Faith    .   a - +0 animal skin
rPois    .         Spirit   .   (helmet restricted)
rElec    .         Reflect  .   (no cloak)
rCorr    .         Harm     .   (gloves unavailable)
MR       .....                  (boots unavailable)
Stlth    ++........             (no amulet)
HPRegen  0.62/turn              (no ring)
MPRegen  0.10/turn              (no ring)

@: lethally poisoned (0 -> -7)
A: large, unfitting armour, claws 3, fast metabolism 3, gourmand, regeneration
1, shaggy fur 1, tough skin 3
a: Berserk, Trog's Hand, Renounce Religion


You were on level 6 of the Dungeon.
You worshipped Trog.
Trog was most pleased with you.
You were full.

You visited 1 branch of the dungeon, and saw 6 of its levels.

You collected 300 gold pieces.

Inventory:

Hand Weapons
 n - a +0 hunting sling
 r - a +0 hunting sling
 K - a +4 flail of protection
Missiles
 d - 22 poisoned darts
 e - 3 boomerangs
 y - 6 curare-tipped darts
 H - 87 stones (quivered)
 N - 25 sling bullets
Armour
 a - a +0 animal skin (worn)
 i - a +0 robe
 j - a +0 cloak
 u - a +0 shield
 x - a cursed +0 robe
 F - a +0 robe
 L - a +0 robe
 M - a +0 robe
 O - a +0 robe
 R - a +0 robe
Jewellery
 l - an uncursed ring of protection from magic {unknown}
 p - an uncursed amulet of regeneration {unknown}
 E - an uncursed ring of wizardry {unknown}
 P - an uncursed ring of protection from cold {unknown}
Wands
 f - a wand of random effects (13)
 T - a wand of iceblast (10)
Scrolls
 h - 6 scrolls of identify {unknown}
 k - a scroll of enchant armour {unknown}
 m - 4 scrolls of teleportation {unknown}
 q - 3 scrolls of enchant weapon {unknown}
 t - a scroll of fear {unknown}
 w - a scroll of amnesia {unknown}
 A - 5 scrolls of remove curse {unknown}
 B - a scroll of blinking {unknown}
 C - a scroll of immolation {unknown}
 J - a scroll of noise {unknown}
Potions
 c - 3 potions of invisibility {unknown}
 g - a potion of cancellation {unknown}
 o - a potion of magic {unknown}
 s - a potion of haste {unknown}
 v - a potion of brilliance {unknown}
 D - 2 potions of flight {unknown}
 G - 3 potions of berserk rage {unknown}
 I - 3 potions of curing {unknown}
 Q - a potion of lignification {unknown}
 S - a potion of heal wounds {unknown}
 U - a potion of ambrosia {unknown}
 W - 2 potions of agility {unknown}
Comestibles
 b - 15 rations
 z - 2 chunks of flesh


   Skills:
 + Level 3.5 Fighting
 + Level 1.2 Throwing
 + Level 4.2 Dodging
 + Level 1.7 Stealth
 + Level 7.6 Unarmed Combat


You had 7 spell levels left.
You didn't know any spells.
Your spell library was empty.

Dungeon Overview and Level Annotations

Branches:
Dungeon (6/15)             Temple (0/1) D:5

Altars:
Ashenzari
Elyvilon
Fedhas
Qazlal
Yredelemnul
Zin
The Shining One

Shops:
D:5 (   D:6 *


Innate Abilities, Weirdness & Mutations

You are too large for most types of armour.
You have claws for hands.
Your metabolism is lightning-fast.
You like to eat raw meat.
Your natural rate of healing is unusually fast.
You are covered in fur. (AC +1)
You have extremely tough skin. (AC +3)


Message History

You feel sick. The worker ant bites you.
* * * LOW HITPOINT WARNING * * *
* * * LOW HITPOINT WARNING * * *
You feel very sick.
The worker ant waves its antennae.
* * * LOW HITPOINT WARNING * * *
You feel sick.
There is an open door here.
* * * LOW HITPOINT WARNING * * *
You feel very sick.
* * * LOW HITPOINT WARNING * * *
You feel sick. The worker ant bites you.
* * * LOW HITPOINT WARNING * * *
* * * LOW HITPOINT WARNING * * *
You feel sick.
* * * LOW HITPOINT WARNING * * *
You feel sick.
* * * LOW HITPOINT WARNING * * *
You feel sick.
You die...

##..(...# #...........
#......###...........
##..#####...###......
##.####...###.....##
#..##....##....###
#..##...###....#
######..#...###....###
###..#.......)##)).....###
###......a.@................
#......#.........##.........
......#'#........###....>....
....###.#.......## #.........
..###...#.......## #.........
###.†.###........# ##...∩....
#...### #........# #........
#..## #........# #........
##....# #........# #..).....


You could see a worker ant.

Vanquished Creatures
  An ice beast (D:6)
  An orc warrior (D:6)
  A sky beast (D:5)
  2 bullfrogs (D:6)
  2 scorpions
  A killer bee (D:6)
  A crimson imp (D:5)
  A hound (D:4)
  An orc priest (D:6)
  5 orc wizards
  3 worker ants
  A hound zombie (D:5)
  A hound skeleton (D:6)
  A worker ant zombie (D:5)
  8 adders
  A shadow imp (D:5)
  2 oozes
  2 worms
  3 dart slugs
  3 leopard geckos (D:3)
  26 orcs
  2 ball pythons
  4 giant cockroaches
  8 goblins
  5 hobgoblins
  7 jackals
  A quokka (D:6)
  5 bats
  4 frilled lizards
  12 kobolds
  A quokka skeleton (D:6)
  A quokka zombie (D:5)
  5 rats
  5 bushes (D:1)
  4 plants (D:1)
131 creatures vanquished.

Notes
Turn   | Place    | Note
-------+----------+-------------------------------------------
     0 | D:1      | oneeyed the Troll Berserker began the quest for the Orb.
     0 | D:1      | Reached XP level 1. HP: 22/22 MP: 0/0
   676 | D:1      | Reached XP level 2. HP: 25/29 MP: 1/1
  1704 | D:2      | Reached XP level 3. HP: 36/36 MP: 2/2
  1938 | D:2      | Reached ** piety under Trog
  1976 | D:2      | Reached XP level 4. HP: 45/45 MP: 3/3
  2156 | D:2      | Reached skill level 4 in Unarmed Combat
  3174 | D:3      | Reached XP level 5. HP: 50/53 MP: 4/4
  3376 | D:3      | Found a stormy altar of Qazlal.
  3624 | D:3      | Found a white marble altar of Elyvilon.
  3624 | D:3      | Found a glowing golden altar of the Shining One.
  3624 | D:3      | Found a glowing silver altar of Zin.
  3764 | D:3      | Found a blossoming altar of Fedhas.
  4203 | D:4      | Found a shattered altar of Ashenzari.
  4481 | D:4      | Found a basalt altar of Yredelemnul.
  4920 | D:4      | Reached skill level 1 in Stealth
  5136 | D:5      | Entered Level 5 of the Dungeon
  5217 | D:5      | Reached skill level 5 in Unarmed Combat
  5217 | D:5      | Reached XP level 6. HP: 53/61 MP: 5/5
  5241 | D:5      | Noticed a sky beast
  5255 | D:5      | Killed a sky beast
  5428 | D:5      | Reached *** piety under Trog
  5469 | D:5      | Reached skill level 6 in Unarmed Combat
  5473 | D:5      | Reached XP level 7. HP: 49/67 MP: 6/6
  5696 | D:5      | Found a staircase to the Ecumenical Temple.
  5762 | D:5      | Found Axoy's Antique Weapon Boutique.
  6102 | D:6      | Found Goitegex's General Store.
  6188 | D:6      | Reached skill level 7 in Unarmed Combat
  6318 | D:6      | Reached skill level 1 in Throwing
  6613 | D:6      | Reached XP level 8. HP: 71/75 MP: 7/7
  6681 | D:6      | HP: 2/75 [poisoned by a worker ant]
  6683 | D:6      | Succumbed to a worker ant's poison

Levels and vault maps discovered:
D:1:      mrwooster_arrival_statue_3, layout_loops_ring, serial_forest,
          infiniplex_forest_lined_3, infiniplex_forest_diagonal,
          infiniplex_forest_corner_1, infiniplex_forest_lined_2,
          infiniplex_forest_clump_tiny, infiniplex_forest_clump_large,
          infiniplex_forest_split, nrook_mini_vaults
D:2:      layout_loops_ring
D:3:      layout_basic, good_gods_mini_temple, fedhas_altar_fruit_tree,
          lemuel_doored_altar
D:4:      layout_loops_ring, kennysheep_mini, first_ration, dk_noncrumbling_2,
          evilmike_ruin_ashenzari
D:5:      layout_loops_ring, minmay_temple_entry_antechambers, serial_shops,
          shop
D:6:      minmay_razor_zed, layout_cave_pods, serial_shops, shop, basic_altar

Skill      XL: |  1  2  3  4  5  6  7 |
---------------+----------------------+-----
Fighting       | 3 |  3.5
Dodging        | 3 4 |  4.2
Unarmed Combat | 4 5 6 7 |  7.6
Stealth        | 1 |  1.7
Throwing       | 1 |  1.2

Action                   |  1- 3 |  4- 6 |  7- 9 || total
-------------------------+-------+-------+-------++-------
Melee: Unarmed           |   312 |   215 |    81 ||   608
       Punch             |    11 |     2 |     3 ||    16
Throw: Stone             |       |     4 |    25 ||    29
 Stab: Sleeping          |       |     2 |     1 ||     3
       Distracted        |       |     1 |       ||     1
  Eat: Ration            |     2 |     2 |       ||     4
       Chunk             |    13 |    25 |    11 ||    49
Armor: Animal skin       |    25 |    67 |    23 ||   115
Dodge: Dodged            |    38 |    92 |    39 ||   169
